 Dungeon Crawl Stone Soup version 0.25-a0-578-gc91f01c39c (webtiles) character file.

Game seed: 9368158161367188376, levelgen mode: deterministic

182 drasked the Chopper (level 5, -3/47 HPs)
             Began as a Hill Orc Monk on Mar 5, 2020.
             Killed by nerve-wracking pain
             ... invoked by Grinder
              (13 damage)
             ... on level 3 of the Dungeon.
             The game lasted 00:06:58 (3189 turns).

drasked the Chopper (Hill Orc Monk)                 Turns: 3189, Time: 00:06:59

Health: -3/47      AC:  6    Str: 14    XL:     5   Next: 62%
Magic:  5/5        EV: 11    Int: 11    God:
Gold:   146        SH:  0    Dex: 13    Spells: 4/4 levels left

rFire    . . .     SeeInvis .   a - +1 hand axe
rCold    . . .     Gourm    .   (no shield)
rNeg     . . .     Faith    .   n - +0 scale mail
rPois    .         Spirit   .   (no helmet)
rElec    .         Reflect  .   (no cloak)
rCorr    .         Harm     .   (no gloves)
MR       .....                  (no boots)
Stlth    ..........             (no amulet)
HPRegen  0.15/turn              (no ring)
MPRegen  0.09/turn              m - +1 ring of evasion

@: no status effects
A: no striking features
a: no special abilities


You were on level 3 of the Dungeon.
You were not hungry.

You visited 1 branch of the dungeon, and saw 3 of its levels.

You collected 146 gold pieces.

Inventory:

Hand Weapons
 a - a +1 hand axe (weapon)
Missiles
 Q - 22 stones (quivered)
Armour
 n - a +0 scale mail (worn)
   (You found it on level 1 of the Dungeon)
Jewellery
 m - a +1 ring of evasion (right hand)
   (You found it on level 1 of the Dungeon)
Scrolls
 d - a scroll of enchant weapon
 i - 2 scrolls of identify
 j - a scroll of amnesia {unknown}
 t - 3 scrolls of teleportation
 w - a scroll of remove curse
Potions
 b - a potion of flight {unknown}
 c - a potion of brilliance {unknown}
 f - a potion of mutation {unknown}
 g - a potion of invisibility {unknown}
 h - a potion of stabbing {unknown}
 k - a potion of degeneration {unknown}
 l - a potion of heal wounds
Comestibles
 e - 6 rations


   Skills:
 + Level 4.8 Fighting
 * Level 6.3 Axes
 + Level 2.6 Armour
 - Level 2.4 Dodging
 - Level 1.5 Stealth


You had 4 spell levels left.
You didn't know any spells.
Your spell library was empty.

Dungeon Overview and Level Annotations

Branches:
Dungeon (3/15)

Altars:
Kikubaaqudgha
Ru

Annotations:
D:3 Grinder


Message History

You eat one of the 4 chunks of flesh {@w0}.
Some of the chunks of flesh in your inventory have rotted away.
You climb downwards.
Level annotation: Grinder Grinder blinks!
All of the chunks of flesh in your inventory have rotted away.
There is a stone staircase leading up here.
Things that are here:
a +0 ring mail; a +0 whip
Q - 20 stones (gained 1)
Q - 21 stones (gained 1)
Q - 22 stones (gained 1) Grinder gestures at you.
You barely resist.
Grinder says, "You look like you could use a good racking."
You hit Grinder. Grinder hits you but does no damage.
You hit Grinder. Grinder hits you!
You barely miss Grinder. Grinder misses you.
You hit Grinder. Grinder hits you.
You barely miss Grinder. Grinder misses you.
You closely miss Grinder. Grinder gestures at you.
Pain shoots through your body!
You hit Grinder but do no damage. Grinder gestures at you.
You resist with significant effort.
You hit Grinder. Grinder gestures at you. You resist with significant effort.
You hit Grinder but do no damage.
Grinder says, "Don't move a muscle."
Grinder hits you but does no damage.
You hit Grinder. Grinder gestures at you.
You barely resist. You hit Grinder. Grinder hits you!
* * * LOW HITPOINT WARNING * * *
You writhe in agony.
* * * LOW HITPOINT WARNING * * *
You closely miss Grinder. Grinder gestures at you.
You barely resist. You closely miss Grinder.
Grinder blinks!
You see here a +0 short sword.
There is a stone staircase leading up here.
You hit Grinder. Grinder hits you but does no damage.
You hit Grinder. Grinder gestures at you.
You suddenly lose the ability to move!
Grinder gestures at you.
You shrug off the repeated paralysis!
Grinder hits you!
* * * LOW HITPOINT WARNING * * *
You writhe in agony.
* * * LOW HITPOINT WARNING * * *
Grinder gestures at you.
You shrug off the repeated paralysis!
Grinder hits you.
* * * LOW HITPOINT WARNING * * *
You writhe in agony.
* * * LOW HITPOINT WARNING * * *
Grinder hits you.
* * * LOW HITPOINT WARNING * * *
You writhe in agony.
* * * LOW HITPOINT WARNING * * *
You can move again.
You barely miss Grinder. Grinder hits you but does no damage.
You feel much better. Grinder gestures at you.
You suddenly lose the ability to move!
Grinder hits you but does no damage.
Grinder blinks!
Grinder gestures at you. Pain shoots through your body!
* * * LOW HITPOINT WARNING * * *
You can move again.
Your scale mail prevents you from hitting Grinder.
You closely miss Grinder. Grinder misses you.
You hit Grinder but do no damage.
Grinder blinks!
You hit Grinder but do no damage. Grinder misses you.
You hit Grinder but do no damage.
Grinder says, "Just stop there for a second..."
Grinder completely misses you.
You barely miss Grinder. Grinder closely misses you.
You completely miss Grinder. Grinder gestures at you.
Pain shoots through your body!
* * * LOW HITPOINT WARNING * * *
You closely miss Grinder.
Grinder says, "Wait up."
Grinder hits you.
* * * LOW HITPOINT WARNING * * *
You writhe in agony.
* * * LOW HITPOINT WARNING * * *
You closely miss Grinder. Grinder hits you.
* * * LOW HITPOINT WARNING * * *
You slash Grinder! Grinder gestures at you. Pain shoots through your body!
You die...

# ..... #. .... #. ...
#..### [. ### ....#. ##.#
.. #..## #########..#..#
#..####.............#
##......##.........>...
##......@5.......######
####......[)......#.#
#(.....###..##.####.#
#..#...## #.###.# #.. .
(......### #.##..# ..#
....###### #.##>## ....
..#. ###.##.# #... ....
####...##.###...#
....######....#..#.......#


You could see Grinder.

Levels and vault maps discovered:
D:1:      mrwooster_arrival_arrow, layout_rooms
D:2:      layout_basic, gammafunk_temple_overflow_elements,
          chequers_ecumenical_altar_simple_redux, patterned_corridor
D:3:      wander_river, layout_rooms, grunt_gozag_statues, uniq_grinder

Notes
Turn   | Place    | Note
-------+----------+-------------------------------------------
     0 | D:1      | drasked the Hill Orc Monk began the quest for the Orb.
     0 | D:1      | Reached XP level 1. HP: 19/19 MP: 1/1
    13 | D:1      | Identified a +0 dagger
   135 | D:1      | Identified a +0 club
   146 | D:1      | Reached XP level 2. HP: 27/27 MP: 2/2
   167 | D:1      | Identified a +0 club
   212 | D:1      | Identified a +0 whip
   305 | D:1      | Reached skill level 1 in Armour
   353 | D:1      | Reached skill level 4 in Fighting
   642 | D:1      | Reached XP level 3. HP: 26/33 MP: 3/3
   885 | D:1      | Identified a +0 scale mail (You found it on level 1 of the
                  | Dungeon)
   886 | D:1      | Identified a ring of evasion (You found it on level 1 of
                  | the Dungeon)
   888 | D:1      | Identified 3 scrolls of teleportation
   889 | D:1      | Identified 2 scrolls of identify
   889 | D:1      | Identified 2 potions of heal wounds
   890 | D:1      | Identified a scroll of enchant weapon
   891 | D:1      | Identified a scroll of remove curse
   964 | D:2      | Reached skill level 5 in Axes
  1123 | D:2      | Reached XP level 4. HP: 40/40 MP: 4/4
  1328 | D:2      | Reached skill level 2 in Armour
  1646 | D:2      | Reached XP level 5. HP: 47/47 MP: 5/5
  1906 | D:2      | Found a faded altar of an unknown god.
  2004 | D:2      | Found an ancient bone altar of Kikubaaqudgha.
  2004 | D:2      | Found a sacrificial altar of Ru.
  2118 | D:3      | Noticed Grinder
  2122 | D:3      | Paralysed by Grinder for 5 turns
  2181 | D:3      | Paralysed by Grinder for 4 turns
  2190 | D:3      | Paralysed by Grinder for 5 turns
  2197 | D:3      | Paralysed by Grinder for 4 turns
  2202 | D:3      | HP: 10/47 [Grinder/nerve-wracking pain (5)]
  2207 | D:3      | Paralysed by Grinder for 4 turns
  2209 | D:3      | HP: 7/47 [Grinder/nerve-wracking pain (4)]
  2216 | D:3      | HP: 1/47 [Grinder/nerve-wracking pain (7)]
  2253 | D:3      | Reached skill level 6 in Axes
  2263 | D:3      | HP: 11/47 [jackal (2)]
  2268 | D:3      | HP: 9/47 [poisoned by an adder]
  2273 | D:3      | HP: 6/47 [jackal (2)]
  2279 | D:3      | HP: 4/47 [jackal (3)]
  2516 | D:2      | Identified a cursed -2 dagger
  2610 | D:3      | Identified a +0 dagger
  2610 | D:3      | Identified a +0 robe
  2612 | D:3      | Identified a +0 whip
  2612 | D:3      | Identified a +0 ring mail
  2725 | D:3      | Identified a +0 short sword
  2903 | D:3      | Paralysed by Grinder for 4 turns
  3165 | D:3      | Paralysed by Grinder for 6 turns
  3169 | D:3      | HP: 11/47 [Grinder (6)]
  3170 | D:3      | HP: 4/47 [Grinder (4)]
  3172 | D:3      | Paralysed by Grinder for 4 turns
  3188 | D:3      | HP: 10/47 [Grinder (5)]
  3189 | D:3      | Killed from afar by Grinder

Table legend:
 A = Turns spent in this place as a percentage of turns spent in the entire game.
 B = Non-inter-level travel turns spent in this place as a percentage of non-inter-level travel turns spent in the entire game.
 C = Inter-level travel turns spent in this place as a percentage of turns spent in this place.
 D = Turns resting spent in this place as a percentage of non-inter-level travel turns spent in this place.
 E = Turns spent auto-exploring this place as a percentage of non-inter-level travel turns spent in this place.
 F = Non-inter-level travel turns spent in this place divided by the number of levels of this place that you've seen.
                   A       B       C       D       E      F
               +-------+-------+-------+-------+-------+----------------------
         Total | 100.0 | 100.0 |   1.2 |  37.5 |  38.4 | 1050.0
       Dungeon | 100.0 | 100.0 |   1.2 |  37.5 |  38.4 | 1050.0
               +-------+-------+-------+-------+-------+----------------------

Table legend:
 A = Kills in this place as a percentage of kills in entire the game.
 B = Kills by you in this place as a percentage of kills by you in the entire game.
 C = Kills by friends in this place as a percentage of kills by friends in the entire game.
 D = Other kills in this place as a percentage of other kills in the entire game.
 E = Experience gained in this place as a percentage of experience gained in the entire game.
 F = Experience gained in this place divided by the number of levels of this place that you have seen.
                   A       B       C       D       E      F
               +-------+-------+-------+-------+-------+----------------------
         Total | 100.0 | 100.0 |   N/A |   N/A | 100.0 |  87.0
       Dungeon | 100.0 | 100.0 |   N/A |   N/A | 100.0 |  87.0
               +-------+-------+-------+-------+-------+----------------------

Skill      XL: |  1  2  3  4  5 |
---------------+----------------+-----
Armour         | 1 2 |  2.6
Fighting       | 4 |  4.8
Axes           | 5 6 |  6.3
Dodging        | |  2.4
Stealth        | |  1.5

Action                   |  1- 3 |  4- 6 || total
-------------------------+-------+-------++-------
Melee: Hand axe          |    60 |   218 ||   278
Throw: Boomerang         |    24 |       ||    24
       Stone             |    29 |    65 ||    94
  Use: Scroll            |     4 |       ||     4
       Potion            |       |     2 ||     2
  Eat: Chunk             |     1 |     3 ||     4
       Ration            |       |     1 ||     1
Armor: Robe              |    10 |       ||    10
       Scale mail        |     6 |    65 ||    71
Dodge: Dodged            |    39 |   112 ||   151

Vanquished Creatures
  A hound (D:2)
  An orc wizard (D:2)
  6 adders
  An ooze (D:1)
  2 worms (D:2)
  5 dart slugs
  5 leopard geckos
  3 orcs
  4 giant cockroaches
  A goblin (D:1)
  6 hobgoblins
  2 jackals (D:3)
  2 kobolds (D:1)
  A quokka (D:2)
  A ball python (D:1)
  4 bats
  4 frilled lizards
  4 rats
53 creatures vanquished.
